 Dungeon Crawl Stone Soup version 0.23.2 (webtiles) character file.

Game seed: 16022354174344207904

6503 teukkam the Blocker (level 10, -7/136 HPs)
             Began as a Minotaur Fighter on Apr 8, 2019.
             Was a Priest of Zin.
             Mangled by a hornet (13 damage)
             ... on level 11 of the Dungeon.
             The game lasted 00:32:28 (8386 turns).

teukkam the Blocker (Minotaur Fighter)              Turns: 8386, Time: 00:32:29

Health: -7/136     AC: 15    Str: 28    XL:     10   Next: 69%
Magic:  13/13      EV:  9    Int:  7    God:    Zin [***...]
Gold:   339        SH:  0    Dex: 20    Spells: 9/9 levels left

rFire    . . .     SeeInvis .   a - +1 rapier (flame)
rCold    . . .     Gourm    .   K - +0 shield
rNeg     . . .     Faith    .   n - +1 scale mail of Trumpets {-Cast MR+++ Int+2 Dex+3}
rPois    .         Spirit   .   y - +0 hat
rElec    .         Reflect  .   J - +2 cloak
rCorr    .         Harm     .   k - +1 pair of gloves
MR       +++..     NoCast   +   (no boots)
Stlth    ..........             Q - amulet of the acrobat
HPRegen  0.32/turn              F - +6 ring of dexterity
MPRegen  0.13/turn              P - ring of stealth

@: confused, berserking, flying, slowed
A: retaliatory headbutt, horns 2
a: Recite, Vitalisation, Imprison, Donate Gold, Renounce Religion


You were on level 11 of the Dungeon.
You worshipped Zin.
Zin was most pleased with you.
You were not hungry.

You visited 1 branch of the dungeon, and saw 11 of its levels.

You collected 376 gold pieces.
You donated 37 gold pieces to Zin.

Inventory:

Hand Weapons
 a - a +1 rapier of flaming (weapon)
 b - a +1 fustibalus of flaming
 c - a +4 mace
 u - a +2 quarterstaff of chaos
 v - a +2 hunting sling of velocity
 D - a +0 war axe
 R - a +0 dire flail of protection
 U - a +0 blowgun
 V - a +1 dagger of venom
Missiles
 p - a throwing net
 q - 11 tomahawks (quivered)
 A - 206 stones
 E - 63 poisoned needles
Armour
 k - a +1 pair of gloves (worn)
 n - the +1 scale mail of Trumpets (worn) {-Cast MR+++ Int+2 Dex+3}
   (You found it on level 5 of the Dungeon)

   It affects your intelligence (+2).
   It affects your dexterity (+3).
   It affects your resistance to hostile enchantments.
   It prevents spellcasting.
 y - a +0 hat (worn)
 C - a +0 plate armour of poison resistance
 H - a +0 leather armour of cold resistance
 J - a +2 cloak (worn)
 K - a +0 shield (worn)
Jewellery
 s - an uncursed ring of fire
 F - a +6 ring of dexterity (left hand)
 G - a +2 ring of dexterity
 I - an uncursed ring of flight
 P - a ring of stealth (right hand)
 Q - an amulet of the acrobat (around neck)
Wands
 M - a wand of polymorph (4)
Scrolls
 e - 7 scrolls of identify
 g - a scroll of fog
 j - 2 scrolls of teleportation
 t - 5 scrolls of remove curse
 w - a scroll of immolation
 x - 3 scrolls of enchant weapon
Potions
 d - 3 potions of curing
 i - 3 potions of lignification
 o - 3 potions of brilliance
 r - 2 potions of flight
 B - a potion of ambrosia
 N - a potion of haste {unknown}
 O - a potion of mutation {unknown}
Comestibles
 f - 3 rations


   Skills:
 + Level 9.1 Fighting
 + Level 6.1 Short Blades
 - Level 5.2 Axes
 + Level 6.7 Slings
 + Level 9.1 Armour
 + Level 9.2 Shields
 + Level 5.7 Invocations


You had 9 spell levels left.
You didn't know any spells.
Your spell library contained the following spells:

 Spells                   Type           Power        Failure   Level  Hunger
 Flame Tongue             Conj/Fire      #....        88%         1    ##.....
 Throw Flame              Conj/Fire      #.....       96%         2    ###....
 Conjure Flame            Conj/Fire      #.......     99%         3    ####...
 Inner Flame              Hex/Fire       #.......     99%         3    ####...
 Sticky Flame             Conj/Fire      #.......     100%        4    #####..
 Fireball                 Conj/Fire      #.........   100%        5    ######.


Dungeon Overview and Level Annotations

Branches:
Dungeon (11/15)            Temple (0/1) D:6
   Lair: D:8-11         Orc: D:9-12

Altars:
Ashenzari
Hepliaklqana
Zin

Shops:
D:5 %

Annotations:
D:9 Erica, Harold


Innate Abilities, Weirdness & Mutations

You reflexively headbutt those who attack you in melee.
You have a pair of horns on your head.


Message History

The hornet stings you but does no damage.
The white ugly thing bites you! The white ugly thing freezes you!!
* * * LOW HITPOINT WARNING * * *
The hornet stings you.
* * * LOW HITPOINT WARNING * * *
You feel as though you will be slow longer.
The white ugly thing bites you but does no damage.
It was a potion of berserk rage.
A red film seems to cover your vision as you go berserk!
You feel yourself moving faster!
You feel mighty! The hornet stings you.
* * * LOW HITPOINT WARNING * * *
You feel as though you will be slow longer.
The white ugly thing closely misses you.
The hornet stings you.
* * * LOW HITPOINT WARNING * * *
You feel as though you will be slow longer.
You closely miss the white ugly thing.
Your headbutt misses the white ugly thing.
The hornet stings you!
You die...

+..##..'.....≈#
#..#...##....≈#
#...#..##....≈≈.≈≈
#..#...##.......##
#..##.)#######.##
#.. #..## ...
#...#...#### #.#
#..#....uy.## ..
#..?#...@)(.#
#..###.###5.# #..
#.#. #..# #. ... .
#...# # .... .
(..... ####$
#...... ##.###.#
#. #.


You could see a white ugly thing, a hornet and a crimson imp.

Vanquished Creatures
  A hydra (D:11)
  A centaur warrior (D:11)
  2 centaur zombies (D:10)
  A troll (D:11)
  3 hippogriffs
  A yak (D:9)
  Eustachio (D:6)
  A soldier ant (D:9)
  2 water moccasins (D:6)
  Duvessa (D:7)
  An orc warrior (D:9)
  2 ice beasts
  A sky beast (D:7)
  An ogre (D:9)
  A necrophage (D:7)
  4 centaurs
  2 big kobolds
  2 bullfrogs (D:7)
  Dowan (D:7)
  4 scorpions
  6 killer bees
  3 wights (D:8)
  2 howler monkeys
  4 crimson imps
  2 bullfrog zombies (D:6)
  2 bullfrog skeletons
  3 hounds
  4 orc priests
  Crazy Yiuf (D:6)
  9 orc wizards
  7 worker ants
  3 gnolls (D:7)
  11 adders
  3 shadow imps
  An adder zombie (D:8)
  4 worms
  2 dart slugs
  5 leopard geckos
  31 orcs
  3 ball pythons
  14 giant cockroaches
  2 goblins (D:1)
  4 hobgoblins
  26 jackals
  3 quokkas
  2 bats
  7 frilled lizards
  13 kobolds
  10 rats
220 creatures vanquished.

Notes
Turn   | Place    | Note
-------+----------+-------------------------------------------
     0 | D:1      | teukkam the Minotaur Fighter began the quest for the Orb.
     0 | D:1      | Reached XP level 1. HP: 19/19 MP: 0/0
   164 | D:1      | Reached XP level 2. HP: 23/27 MP: 1/1
   197 | D:2      | Noticed a howler monkey
   208 | D:2      | Killed a howler monkey
   208 | D:2      | Reached XP level 3. HP: 5/33 MP: 2/2
   215 | D:2      | HP: 1/33 [jackal (2)]
   519 | D:2      | Reached XP level 4. HP: 21/41 MP: 3/3
  1058 | D:4      | Reached XP level 5. HP: 38/47 MP: 4/4
  1347 | D:4      | Reached skill level 5 in Fighting
  1347 | D:4      | Reached skill level 5 in Armour
  1347 | D:4      | Reached skill level 5 in Shields
  1497 | D:5      | Entered Level 5 of the Dungeon
  1515 | D:5      | Reached XP level 6. HP: 31/56 MP: 5/5
  1540 | D:5      | Found a shattered altar of Ashenzari.
  1544 | D:5      | Got a faintly glowing chain mail
  1555 | D:5      | Identified the cursed +1 chain mail "Syhih" {rCorr Dex+4
                  | Stlth-} (You found it on level 5 of the Dungeon)
  1708 | D:5      | Found Gecroifirgh's Food Shop.
  2834 | D:5      | Found a hazy altar of Hepliaklqana.
  2834 | D:5      | Found a glowing silver altar of Zin.
  2842 | D:5      | Became a worshipper of Zin the Law-Giver
  2842 | D:5      | Reached * piety under Zin
  3719 | D:2      | Reached skill level 1 in Slings
  3951 | D:3      | Reached ** piety under Zin
  4039 | D:5      | Got a bloodstained scale mail
  4056 | D:5      | Identified the +1 scale mail of Trumpets {-Cast MR+++ Int+2
                  | Dex+3} (You found it on level 5 of the Dungeon)
  4194 | D:5      | Reached XP level 7. HP: 43/62 MP: 6/6
  4205 | D:5      | Reached skill level 5 in Axes
  4545 | D:6      | Reached skill level 1 in Invocations
  4561 | D:6      | Noticed Eustachio
  4570 | D:6      | Killed Eustachio
  4570 | D:6      | Reached skill level 1 in Short Blades
  4578 | D:6      | Reached XP level 8. HP: 64/70 MP: 6/8
  4815 | D:6      | Found a runed translucent door.
  4816 | D:6      | Noticed Crazy Yiuf
  4823 | D:6      | Killed Crazy Yiuf
  5207 | D:6      | Found a staircase to the Ecumenical Temple.
  6017 | D:7      | Reached XP level 9. HP: 78/79 MP: 10/10
  6150 | D:7      | Noticed Duvessa
  6159 | D:7      | Noticed Dowan
  6168 | D:7      | Killed Duvessa
  6169 | D:7      | Killed Dowan
  6661 | D:8      | Reached skill level 5 in Slings
  6727 | D:8      | Reached *** piety under Zin
  7004 | D:8      | Noticed a death yak
  7005 | D:8      | Noticed a death yak
  7042 | D:9      | Noticed Erica
  7042 | D:9      | Noticed Harold
  7543 | D:9      | Identified a scroll of acquirement
  7785 | D:9      | Reached skill level 5 in Short Blades
  7808 | D:10     | Entered Level 10 of the Dungeon
  7826 | D:10     | Reached XP level 10. HP: 88/90 MP: 12/12
  7914 | D:11     | Reached skill level 5 in Invocations
  7943 | D:11     | Noticed a five-headed hydra
  7964 | D:11     | Killed a five-headed hydra
  8017 | D:11     | HP: 3/90 [troll (2)]
  8358 | D:11     | Noticed a centaur warrior
  8377 | D:11     | Noticed a white ugly thing
  8381 | D:11     | Killed a centaur warrior
  8384 | D:11     | HP: 3/91 [hornet (3)]
  8386 | D:11     | Mangled by a hornet

Skill      XL: |  1  2  3  4  5  6  7  8  9 10 |
---------------+-------------------------------+-----
Fighting       | 4 5 6 7 8 9 |  9.1
Axes           | 3 4 5 |  5.2
Armour         | 4 5 6 7 8 9 |  9.1
Shields        | 4 5 6 7 8 9 |  9.2
Slings         | 2 3 4 5 6 |  6.7
Invocations    | 1 3 4 5 |  5.7
Short Blades   | 1 3 5 6 |  6.1

Action                   |  1- 3 |  4- 6 |  7- 9 | 10-12 || total
-------------------------+-------+-------+-------+-------++-------
Melee: War axe           |    52 |   170 |     5 |       ||   227
       Headbutt          |     7 |    29 |    81 |    27 ||   144
       Rapier            |       |       |   248 |    62 ||   310
       Hunting sling     |       |       |     1 |       ||     1
 Fire: Hunting sling     |       |    22 |    53 |       ||    75
       Fustibalus        |       |       |     2 |     7 ||     9
Throw: Tomahawk          |       |       |       |     1 ||     1
Invok: Recite            |       |       |     4 |       ||     4
Evoke: Wand              |       |       |     8 |       ||     8
  Use: Potion            |     3 |     1 |     2 |     8 ||    14
       Scroll            |       |     7 |     5 |     6 ||    18
 Stab: Paralysed         |       |       |     5 |       ||     5
       Confused          |       |       |     4 |       ||     4
       Sleeping          |       |       |     3 |       ||     3
       Distracted        |       |       |     1 |       ||     1
  Eat: Chunk             |       |     6 |     2 |       ||     8
       Ration            |       |     2 |     3 |       ||     5
Armor: Scale mail        |    30 |    17 |   107 |    43 ||   197
       Chain mail        |       |    49 |       |       ||    49
       Plate armour      |       |    11 |       |       ||    11
Dodge: Dodged            |    12 |    40 |    87 |    44 ||   183
Block: Shield            |    30 |   100 |   162 |    55 ||   347
